 Dungeon Crawl Stone Soup version 0.21.1-1-g345015f (webtiles) character file.

1296 smcx the Shield-Bearer (level 8, 0/49 HPs)
             Began as a Gargoyle Fighter on July 20, 2018.
             Slain by an orc warrior
             ... wielding a +0 glaive of protection
              (14 damage)
             ... on level 6 of the Dungeon on July 21, 2018.
             The game lasted 00:53:13 (5823 turns).

smcx the Shield-Bearer (Gargoyle Fighter)           Turns: 5823, Time: 00:53:14

Health: 0/49       AC: 25    Str: 22    XL:     8   Next: 56%
Magic:  8/8        EV: 10    Int: 11    God:
Gold:   260        SH: 10    Dex:  9    Spells: 7/7 levels left

rFire    . . .     SeeInvis .   B - +0 flail (protect)
rCold    . . .     Gourm    +   c - +0 shield
rNeg     + . .     Faith    .   H - +2 chain mail {MR+}
rPois    ∞         Spirit   .   k - +0 helmet
rElec    +         Reflect  .   (no cloak)
rCorr    .         Harm     .   (no gloves)
MR       +....     Clarity  +   (no boots)
Stlth    ..........             t - amulet of the gourmand
HPRegen  0.16/turn              q - +3 ring of evasion
MPRegen  0.11/turn              (no ring)

@: protection aura
A: clarity, clever 1, negative energy resistance 1, sense surroundings 1,
electricity resistance, unbreathing, petrification resistance, rot immunity, AC
+5
a: no special abilities


You were on level 6 of the Dungeon.
You were completely stuffed.

You visited 1 branch of the dungeon, and saw 6 of its levels.

You collected 260 gold pieces.

Inventory:

Hand Weapons
 a - a +0 flail
 d - a +0 club
 l - a +0 whip
 m - a +0 flail
 p - a cursed -3 halberd
 u - a +1 long sword of holy wrath
 y - a +0 halberd of protection
 z - a +0 flail
 B - a +0 flail of protection (weapon)
 D - a +0 scythe
 I - a +3 spear
Missiles
 e - 74 sling bullets
 i - 80 stones
 s - 7 curare-tipped needles (quivered)
 w - 33 bolts
Armour
 b - a +1 scale mail
 c - a +0 shield (worn)
 j - a cursed +0 robe
 k - a +0 helmet (worn)
 n - a +0 ring mail
 A - a +0 ring mail
 E - a +0 robe of magic resistance
 F - a +1 chain mail
 H - a +2 chain mail of magic resistance (worn)
Jewellery
 q - a +3 ring of evasion (left hand)
 t - an amulet of the gourmand (around neck)
Wands
 K - a wand of flame (34)
Scrolls
 g - 2 scrolls of blinking
 h - 3 scrolls of amnesia
 o - 2 scrolls of enchant armour
 r - 2 scrolls of teleportation
 G - a scroll of fog
 J - a scroll of torment {unknown}
Potions
 v - a potion of brilliance
 C - 2 potions of curing
Comestibles
 f - 9 rations


   Skills:
 + Level 5.3 Fighting
 + Level 3.9 Long Blades
 + Level 4.5 Maces & Flails
 + Level 5.0 Armour
 + Level 2.9 Dodging
 + Level 0.3 Stealth
 + Level 6.0 Shields


You had 7 spell levels left.
You didn't know any spells.

Dungeon Overview and Level Annotations

Branches:
Dungeon (6/15)
 Temple: D:4-7

Altars:
Nemelex Xobeh
Wu Jian
Xom


Innate Abilities, Weirdness & Mutations

You are resistant to torment.
Your stone body is resilient. (AC +5)
You are immune to poison.
You resist negative energy. (rN+)
You are resistant to electric shocks. (rElec)
You can survive without breathing.
You are immune to petrification.
You are immune to rotting.
You possess an exceptional clarity of mind.
Your mind is acute. (Int +2)
You passively map a small area around you.


Message History

You are too injured to fight recklessly!
Unknown command.
You are too injured to fight recklessly!
You block the orc warrior's attack.
Things that are here:
a trident; a leather armour The orc warrior closely misses you.
You block the orc warrior's attack.
You are too injured to fight recklessly!
You block the orc warrior's attack. You block the orc warrior's attack.
Your shield and chain mail prevent you from hitting the orc warrior.
You block the orc warrior's attack.
You closely miss the orc warrior.
The orc warrior hits you with a glaive of protection!
* * * LOW HITPOINT WARNING * * *
You hit the orc warrior but do no damage.
Your weapon exudes an aura of protection.
The orc warrior hits you with a glaive of protection!
You die...

...o# #.# * *, , ,...
#o# , . , , o.. * *, ,
...,* *, * , , ..#,
###.###########, #
......)..oo.))#, #
*#############.# # ,
.........@oo.# # *
###########o.# # #..#
# #..# # #..#,
##################..#
..................>.#,
* *
##.########.#######.#
##.# #.# #.#* *


You could see an orc warrior, an orc wizard and an orc.

Vanquished Creatures
  Sigmund (D:5)
  A phantom (D:6)
  2 centaurs
  3 scorpions
  A crimson imp (D:5)
  2 hounds (D:4)
  A gnoll shaman (D:6)
  A jelly (D:6)
  3 orc priests
  A centaur skeleton (D:5)
  2 orc wizards
  3 worker ants
  Robin (D:4)
  18 gnolls
  A river rat (D:3)
  5 adders
  A shadow imp (D:5)
  An ooze (D:3)
  An adder skeleton (D:3)
  A worm (D:3)
  3 dart slugs
  2 leopard geckos
  13 orcs
  A ball python (D:3)
  2 bats
  4 giant cockroaches (D:3)
  8 goblins
  10 hobgoblins
  4 jackals (D:3)
  6 kobolds
  2 quokkas
  9 frilled lizards
  A leopard gecko skeleton (D:4)
  8 rats
123 creatures vanquished.

Notes
Turn   | Place    | Note
-------+----------+-------------------------------------------
     0 | D:1      | smcx the Gargoyle Fighter began the quest for the Orb.
     0 | D:1      | Reached XP level 1. HP: 14/14 MP: 1/1
   288 | D:1      | Reached XP level 2. HP: 19/19 MP: 2/2
   884 | D:2      | Reached XP level 3. HP: 21/23 MP: 3/3
   943 | D:2      | HP: 1/24 [gnoll/halberd (2)]
  1049 | D:1      | Reached skill level 1 in Dodging
  1514 | D:1      | Reached skill level 4 in Shields
  1514 | D:1      | Reached XP level 4. HP: 7/29 MP: 4/4
  2419 | D:3      | Reached XP level 5. HP: 27/33 MP: 5/5
  2527 | D:3      | Found a glowing drain.
  2588 | D:3      | Reached skill level 1 in Long Blades
  2684 | D:3      | Gained mutation: You passively map a small area around you. [potion of mutation]
  2684 | D:3      | Gained mutation: You possess an exceptional clarity of mind. [potion of mutation]
  2684 | D:3      | Gained mutation: Your mind is acute. (Int +2) [potion of mutation]
  2836 | D:3      | Reached XP level 6. HP: 38/38 MP: 6/6
  3417 | D:4      | Noticed Robin
  3426 | D:4      | Killed Robin
  3542 | D:4      | Reached skill level 5 in Shields
  3542 | D:4      | Reached XP level 7. HP: 39/43 MP: 7/7
  3923 | D:4      | Found a shimmering altar of Xom.
  4160 | D:5      | Entered Level 5 of the Dungeon
  4274 | D:5      | Found an ornate altar of the Wu Jian Council.
  4277 | D:5      | Noticed Sigmund
  4318 | D:5      | Killed Sigmund
  4764 | D:5      | Reached XP level 8. HP: 48/48 MP: 8/8
  5229 | D:6      | Reached skill level 5 in Fighting
  5360 | D:6      | Found a sparkling altar of Nemelex Xobeh.
  5756 | D:6      | Reached skill level 6 in Shields
  5799 | D:6      | Reached skill level 5 in Armour
  5823 | D:6      | Slain by an orc warrior

Skill      XL: |  1  2  3  4  5  6  7  8 |
---------------+-------------------------+-----
Dodging        | 1 2 |  2.9
Shields        | 4 5 6 |  6.0
Fighting       | 4 5 |  5.3
Long Blades    | 1 3 |  3.9
Armour         | 4 5 |  5.0
Maces & Flails | 3 4 |  4.5
Stealth        | |  0.3

Action                   |  1- 3 |  4- 6 |  7- 9 || total
-------------------------+-------+-------+-------++-------
Melee: Flail             |   131 |    46 |   195 ||   372
       Long sword        |       |   175 |    36 ||   211
Throw: Stone             |     4 |       |       ||     4
  Use: Potion            |     4 |     3 |     4 ||    11
       Scroll            |     5 |     3 |     5 ||    13
  Eat: Chunk             |     2 |    19 |     8 ||    29
       Ration            |       |     1 |       ||     1
Armor: Scale mail        |    76 |   103 |    59 ||   238
       Chain mail        |       |       |    64 ||    64
Dodge: Dodged            |    43 |   122 |   102 ||   267
Block: Shield            |    82 |   141 |   121 ||   344
       Rpst.: Long sword |       |    34 |     6 ||    40
